 Dungeon Crawl Stone Soup version 0.18-a0-1-gfac8111 (webtiles) character file.

5760 Ijustatesigmund the Covert (level 10, -8/93 HPs)
             Began as an Octopode Wizard on Oct 30, 2015.
             Was a Priest of Okawaru.
             Mangled by a boulder beetle (27 damage)
             ... on level 9 of the Dungeon.
             The game lasted 01:06:50 (14724 turns).

Ijustatesigmund the Covert (Octopode Wizard)       Turns: 14724, Time: 01:06:50

Health: -8/93      AC:  2    Str: 12      XL:     10   Next: 78%
Magic:  1/16       EV: 13    Int: 24      God:    Okawaru [***...]
Gold:   711        SH:  0    Dex: 14 (15) Spells: 7 memorised, 1 level left

rFire  . . .     SeeInvis .     g - +4 short sword
rCold  . . .     Clarity  .     (no shield)
rNeg   + . .     SustAt   .     a - +1 hat
rPois  .         Gourm    .     (no amulet)
rElec  .         Spirit   .     e - ring of protection from magic
rCorr  .         Warding  .     p - +5 ring of dexterity
rMut   .         Stasis   .     m - ring of positive energy
MR     +....                    (no ring)
Stlth  ..........               (no ring)
                                (no ring)
                                (no ring)
                                (no ring)

@: berserking, repel missiles, very quick, somewhat resistant to hostile
enchantments, extremely unstealthy
A: almost no armour, amphibious, 8 rings, constrict 8, camouflage 1, gelatinous
body 1
a: Heroism, Renounce Religion


You were on level 9 of the Dungeon.
You worshipped Okawaru.
Okawaru was most pleased with you.
You were not hungry.

You visited 1 branch of the dungeon, and saw 10 of its levels.
You also visited: Ossuary.

You collected 711 gold pieces.

Inventory:

Hand Weapons
 g - a +4 short sword (weapon)
 h - a +2 dagger of distortion
 u - a +2 dagger of venom
 y - a +2 dagger of chaos
Missiles
 r - 8 tomahawks (quivered)
Armour
 a - a +1 hat (worn)
 j - a +2 shield
 C - a +1 buckler of reflection
Jewellery
 e - a ring of protection from magic (left tentacle)
 m - a ring of positive energy (on tentacle)
 p - a +5 ring of dexterity (right tentacle)
Wands
 q - a wand of heal wounds (3)
 t - a wand of flame (22)
 E - a wand of digging (13)
Scrolls
 o - 3 scrolls of amnesia
 w - 6 scrolls of remove curse
 G - a scroll of teleportation
Potions
 d - a potion of resistance
 f - 2 potions of agility
 i - a potion of lignification
 l - a potion of mutation {unknown}
 n - 2 potions of curing
 B - 2 potions of brilliance
Books
 b - a book of Minor Magic

   Spells                             Type                      Level
   a - Magic Dart                     Conjuration                  1
   b - Blink                          Translocation                2
   c - Call Imp                       Summoning                    2
   d - Repel Missiles                 Charms/Air                   2
   e - Slow                           Hexes                        2
   f - Conjure Flame                  Conjuration/Fire             3
   g - Mephitic Cloud                 Conjuration/Poison/Air       3
 s - a book of the Earth

   Spells                             Type                      Level
   a - Leda's Liquefaction            Hexes/Earth                  4
   b - Bolt of Magma                  Conjuration/Fire/Earth       5
   c - Statue Form                    Transmutation/Earth          6
   d - Iron Shot                      Conjuration/Earth            6
   e - Shatter                        Earth                        9
 v - a book of Air

   Spells                             Type                      Level
   a - Shock                          Conjuration/Air              1
   b - Swiftness                      Charms/Air                   2
   c - Repel Missiles                 Charms/Air                   2
   d - Static Discharge               Conjuration/Air              3
   e - Lightning Bolt                 Conjuration/Air              5
 z - a Fen Folio

   Spells                             Type                      Level
   a - Corpse Rot                     Necromancy                   2
   b - Stone Arrow                    Conjuration/Earth            3
   c - Leda's Liquefaction            Hexes/Earth                  4
   d - Summon Forest                  Summoning/Translocation      5
   e - Hydra Form                     Transmutation                6
   f - Summon Hydra                   Summoning                    7
 F - a book of Burglary

   Spells                             Type                      Level
   a - Swiftness                      Charms/Air                   2
   b - Passwall                       Transmutation/Earth          3
   c - Passage of Golubria            Translocation                4
   d - Lee's Rapid Deconstruction     Earth                        5
   e - Darkness                       Hexes                        6
   f - Invisibility                   Hexes                        6
Comestibles
 c - 4 bread rations
 k - 6 meat rations
 A - a royal jelly
 D - a slice of pizza


   Skills:
 - Level 2.8 Fighting
 - Level 4.6 Short Blades
 - Level 3.5 Dodging
 - Level 11.0 Stealth
 + Level 2.2 Shields
 - Level 4.0 Spellcasting
 - Level 7.8 Conjurations
 - Level 3.1 Charms
 - Level 1.0 Summonings
 + Level 2.4 Translocations
 - Level 3.3 Air Magic
 - Level 2.2 Poison Magic
 + Level 6.8 Invocations


You had one spell level left.
You knew the following spells:

 Your Spells              Type           Power        Failure   Level  Hunger
a - Magic Dart            Conj           ####         1%          1    None
b - Blink                 Tloc           N/A          8%          2    #......
c - Repel Missiles        Chrm/Air       ###...       4%          2    #......
d - Mephitic Cloud        Conj/Pois/Air  ####....     6%          3    ##.....
e - Call Imp              Summ           #.......     12%         2    #......
f - Swiftness             Chrm/Air       ###.....     4%          2    #......
g - Passage of Golubria   Tloc           N/A          41%         4    ####...


Dungeon Overview and Level Annotations

Branches:
Dungeon (10/15)            Temple (0/1) D:4
   Lair: D:8-11         Orc: D:9-12

Altars:
Ashenzari
Cheibriados
Dithmenos
Elyvilon
Nemelex Xobeh
Okawaru
Qazlal
Ru
Trog
Vehumet
Zin
The Shining One

Annotations:
D:4 PeterLawrence's ghost, novice MiFi
D:6 exclusion: oklob plant


Innate Abilities, Weirdness & Mutations

You cannot wear most types of armour.
You are amphibious.
You can wear up to eight rings at the same time.
You can use your tentacles to constrict eight enemies at once.
Your skin changes colour to match your surroundings (Stealth).
Your rubbery body absorbs attacks (AC +1).


Message History

You are too injured to fight recklessly!
Casting: Mephitic Cloud
Confirm with . or Enter, or press ? or * to list all spells.
You blink.
Drink which item? (? for menu, Esc to quit)
A red film seems to cover your vision as you go berserk!
You feel yourself moving faster!
You feel mighty!
You feel a strong urge to attack something.
You hit the boulder beetle.
You squeeze the boulder beetle, but do no damage.
The boulder beetle is almost dead.
The boulder beetle bites you.
* * * LOW HITPOINT WARNING * * *
You hit the boulder beetle but do no damage.
You squeeze the boulder beetle, but do no damage.
The boulder beetle is almost dead.
You hit the boulder beetle.
The boulder beetle is almost dead.
The boulder beetle bites you!!
You die...

PP.P.######.......†..............
..P.. #......................
.Pb.# #......................
P.P. #......................
...########.................^..##
.....†........###'#####'########
..............#.......÷.#
..............#.r......>#
..............#.@B..÷...#
..............#.........#
..............#.........#
..............#####[##### ######
###################.###.###....#
#..................[......#....#
##################........+....#
#..#.......#.....#.......#....#
#..'.......#.....#.......#....#


You could see a boulder beetle and a rat.

Vanquished Creatures
  Maurice (D:8)
  Psyche (D:8)
  Prince Ribbit (D:7)
  A troll (D:9)
  A yak (D:9)
  Eustachio (D:6)
  2 hungry ghosts
  Menkaure (D:7)
  2 orc warriors (D:7)
  An ice beast (D:6)
  2 ogres
  A necrophage (D:8)
  5 sky beasts
  6 centaurs
  A crocodile (D:9)
  Blork the orc (D:6)
  3 giant frogs
  A wyvern zombie (D:7)
  2 wyvern skeletons
  3 scorpions
  A quasit (D:9)
  4 wights
  3 crimson imps
  11 jellies
  A giant frog zombie (D:6)
  2 giant frog skeletons
  A hound (D:6)
  7 orc priests
  A centaur zombie (D:7)
  5 worker ants
  Jessica (D:3)
  9 orc wizards
  3 iguanas
  A big kobold zombie (Ossuary)
  A hound zombie (D:6)
  8 mummies (Ossuary)
  10 adders
  4 gnolls (D:8)
  2 shadow imps
  A river rat (D:9)
  14 oozes
  A worm zombie (D:6)
  4 adder skeletons
  5 worms
  42 orcs
  A ball python (D:2)
  11 giant cockroaches
  6 hobgoblins
  4 jackals (D:6)
  8 kobolds
  5 quokkas
  8 bats
  8 giant geckos
  3 giant newts
  7 goblins
  4 hobgoblin zombies (Ossuary)
  A jackal skeleton (D:4)
  2 jackal zombies
  A kobold zombie (Ossuary)
  2 orc zombies (Ossuary)
  A quokka skeleton (D:5)
  A quokka zombie (D:5)
  12 rats
264 creatures vanquished.

Vanquished Creatures (others)
  A worker ant (D:6)
  9 fungi (D:6)
  A plant (D:9)
11 creatures vanquished.

Grand Total: 275 creatures vanquished

Notes
Turn   | Place    | Note
--------------------------------------------------------------
     0 | D:1      | Ijustatesigmund the Octopode Wizard began the quest for the Orb.
     0 | D:1      | Reached XP level 1. HP: 11/11 MP: 4/4
   663 | D:1      | Reached XP level 2. HP: 17/17 MP: 0/6
   667 | D:1      | Learned a level 2 spell: Blink
   670 | D:1      | Learned a level 2 spell: Repel Missiles
  1369 | D:2      | Reached XP level 3. HP: 18/21 MP: 1/7
  1374 | D:2      | Learned a level 3 spell: Mephitic Cloud
  1584 | D:2      | Found a snail-covered altar of Cheibriados.
  1899 | D:2      | Reached skill level 4 in Stealth
  2135 | D:3      | Reached XP level 4. HP: 20/27 MP: 4/8
  2137 | D:3      | Reached skill level 1 in Air Magic
  2171 | D:3      | Noticed Jessica
  2190 | D:3      | Killed Jessica
  2190 | D:3      | Reached skill level 1 in Short Blades
  2391 | D:3      | Found a shadowy altar of Dithmenos.
  2391 | D:3      | Found a stormy altar of Qazlal.
  2437 | D:3      | Found an iron altar of Okawaru.
  2453 | D:3      | Found a shattered altar of Ashenzari.
  2478 | D:3      | Became a worshipper of Warmaster Okawaru
  2595 | D:3      | Reached skill level 1 in Poison Magic
  2727 | D:3      | Reached XP level 5. HP: 24/31 MP: 5/9
  3037 | D:3      | Reached skill level 1 in Shields
  3448 | D:3      | Reached skill level 5 in Stealth
  3717 | D:4      | Found a staircase to the Ecumenical Temple.
  3722 | D:4      | Reached XP level 6. HP: 30/36 MP: 10/10
  3966 | D:4      | Found a sacrificial altar of Ru.
  4012 | D:4      | Noticed PeterLawrence's ghost (novice MiFi)
  4434 | D:5      | Entered Level 5 of the Dungeon
  4652 | D:5      | Found a radiant altar of Vehumet.
  4815 | D:5      | Reached * piety under Okawaru
  4823 | D:5      | Reached XP level 7. HP: 34/41 MP: 1/11
  5425 | D:6      | Learned a level 2 spell: Call Imp
  5453 | D:6      | Found a sand-covered staircase.
  5455 | D:6      | Noticed Blork the orc
  5468 | Ossuary  | Entered an ossuary
  5577 | Ossuary  | Reached skill level 6 in Stealth
  5719 | Ossuary  | Reached skill level 5 in Invocations
  6314 | D:6      | Killed Blork the orc
  6314 | D:6      | Reached XP level 8. HP: 46/46 MP: 10/12
  6356 | D:6      | Reached skill level 7 in Stealth
  6398 | D:6      | Reached ** piety under Okawaru
  6493 | D:6      | Noticed Eustachio
  6503 | D:6      | Killed Eustachio
  6503 | D:6      | Reached skill level 5 in Conjurations
  6540 | D:6      | Found a sparkling altar of Nemelex Xobeh.
  7521 | D:6      | Found a bloodstained altar of Trog.
  7585 | D:6      | Reached skill level 8 in Stealth
  7780 | D:6      | Noticed an oklob plant
  8082 | D:7      | Found a glowing silver altar of Zin.
  8082 | D:7      | Found a white marble altar of Elyvilon.
  8082 | D:7      | Found a glowing golden altar of the Shining One.
  8116 | D:7      | Reached XP level 9. HP: 38/51 MP: 4/13
  8241 | D:7      | Reached skill level 9 in Stealth
  8262 | D:7      | Noticed Menkaure
  8282 | D:7      | Killed Menkaure
  9533 | D:6      | Reached skill level 10 in Stealth
 10209 | D:7      | Noticed Prince Ribbit
 10216 | D:7      | Killed Prince Ribbit
 10216 | D:7      | Reached skill level 1 in Fighting
 11139 | D:7      | HP: 2/54 [cloud of noxious fumes (1)]
 11453 | D:8      | Reached XP level 10. HP: 60/60 MP: 12/14
 12401 | D:8      | Reached skill level 11 in Stealth
 12408 | D:8      | Learned a level 2 spell: Swiftness
 12508 | D:8      | Noticed Psyche
 12525 | D:8      | Killed Psyche
 12525 | D:8      | Reached *** piety under Okawaru
 12525 | D:8      | Reached skill level 1 in Charms
 12737 | D:8      | Identified a scroll of acquirement
 12783 | D:8      | Noticed Maurice
 12789 | D:8      | Killed Maurice
 13830 | D:9      | Learned a level 4 spell: Passage of Golubria
 14402 | D:10     | Entered Level 10 of the Dungeon
 14724 | D:9      | Mangled by a boulder beetle

Vault maps used:
D:1:      dpeg_arrival_oval, kennysheep_pointless_box
D:2:      first_bread, cheibriados_altar_1
D:3:      lemuel_doored_altar, cheibrodos_ashenzari_chains,
          gammafunk_temple_overflow_elements, minmay_misc_feat_hallway,
          uniq_jessica
D:4:      nicolae_ru_sacrificial_ziggurat, minmay_temple_entry_enclosed_plants,
          minmay_statues_item
D:5:      overflow_temple_1_default, serial_bayou_lake_a
D:6:      lemuel_slime, nemelex_xobeh_ov_fountains_minmay,
          overflow_temple_1_default, enter_ossuary_3, uniq_blork_the_orc,
          uniq_eustachio
D:7:      good_gods_temple_1, uniq_menkaure, uniq_prince_ribbit1
D:8:      uniq_psyche, uniq_maurice
D:9:      boulder_corridor_run, grunt_lair_entry_elf_guard_hut
D:10:     hangedman_tell_no_tales, st_stairs_4
Ossuary:  ossuary_tomb_3

Action                   |  1- 3 |  4- 6 |  7- 9 | 10-12 || total
-------------------------+-------+-------+-------+-------++-------
Melee: Short sword       |    51 |    73 |   252 |   165 ||   541
Throw: Tomahawk          |       |       |       |     1 ||     1
 Cast: Magic Dart        |    66 |    82 |   187 |    72 ||   407
       Repel Missiles    |     1 |       |     3 |     1 ||     5
       Mephitic Cloud    |       |     5 |    26 |    17 ||    48
       Blink             |       |     2 |    21 |    10 ||    33
       Call Imp          |       |       |     2 |     4 ||     6
Invok: Heroism           |       |       |    11 |     5 ||    16
Evoke: Wand              |       |       |       |     2 ||     2
  Use: Scroll            |     8 |     8 |     8 |     4 ||    28
       Potion            |       |     1 |     7 |     1 ||     9
 Stab: Sleeping          |     5 |     4 |    24 |     7 ||    40
       Confused          |       |     3 |     6 |     7 ||    16
       Distracted        |       |       |     2 |     1 ||     3
  Eat: Chunk             |     4 |     5 |    13 |    10 ||    32
       Pizza             |       |     1 |       |       ||     1
       Beef jerky        |       |     1 |     2 |       ||     3
       Fruit             |       |       |     4 |       ||     4
       Bread ration      |       |       |     1 |       ||     1
       Royal jelly       |       |       |     1 |       ||     1
       Meat ration       |       |       |       |     1 ||     1
